 Dungeon Crawl Stone Soup version 0.22-a0-305-gd21a89c (webtiles) character file.

5352 grindst0ne the Fighter (level 10, -7/80 HPs)
             Began as a Mummy Fighter on Mar 29, 2018.
             Was an Initiate of Gozag.
             Mangled by a two-headed ogre
             ... wielding a +0 giant spiked club
              (13 damage)
             ... on level 9 of the Dungeon.
             The game lasted 00:19:48 (8239 turns).

grindst0ne the Fighter (Mummy Fighter)              Turns: 8239, Time: 00:19:49

Health: -7/80      AC: 25    Str: 23    XL:     10   Next: 38%
Magic:  10/10      EV: 13    Int:  8    God:    Gozag
Gold:   1548       SH: 11    Dex: 11    Spells: 9/9 levels left

rFire    . . .     SeeInvis .   u - +1 flail (protect)
rCold    + . .     Gourm    .   c - +0 shield
rNeg     + + +     Faith    .   t - +2 plate armour {MR+}
rPois    ∞         Spirit   .   s - +1 hat
rElec    .         Reflect  .   (no cloak)
rCorr    .         Harm     .   r - +0 pair of gloves
MR       ++...                  n - +0 pair of boots
Stlth    ..........             (no amulet)
HPRegen  0.23/turn              d - ring of protection from fire
MPRegen  0.12/turn              f - ring of Phasing {EV+8}

@: gold aura, protection aura
A: no food or potions, fire vulnerability, cold resistance 1, negative energy
resistance 3, torment resistance, unbreathing
a: Potion Petition, Call Merchant, Bribe Branch, Renounce Religion


You were on level 9 of the Dungeon.
You worshipped Gozag.
Gozag was most pleased with you.
You were not hungry.

You visited 1 branch of the dungeon, and saw 9 of its levels.
You also visited: Ossuary.

You collected 1594 gold pieces.
You paid 46 gold pieces to Gozag.

Inventory:

Hand Weapons
 i - a +0 broad axe
 o - a +1 whip of freezing
 u - a +1 flail of protection (weapon)
Armour
 c - a +0 shield (worn)
 n - a +0 pair of boots (worn)
 r - a +0 pair of gloves (worn)
 s - a +1 hat (worn)
 t - a +2 plate armour of magic resistance (worn)
Jewellery
 d - a ring of protection from fire (left hand)
 f - the ring of Phasing (right hand) {EV+8}
   (You found it on level 5 of the Dungeon)

   [ring of evasion]

   It affects your evasion (+8).
 v - an uncursed ring of protection from cold
Wands
 g - a wand of iceblast (4)
 j - a wand of enslavement (8)
Scrolls
 a - a scroll of fear
 b - 5 scrolls of remove curse
 e - a scroll of enchant armour
 h - a scroll of silence
 l - a scroll of blinking
 m - 4 scrolls of teleportation
 p - a scroll of enchant weapon
 q - 3 scrolls of fog
 w - a scroll of noise {unknown}


   Skills:
 - Level 8.1 Fighting
 - Level 2.2(4.5) Axes
 + Level 6.1(6.4) Maces & Flails
 + Level 7.0 Armour
 + Level 1.4 Dodging
 + Level 6.9 Shields


You had 9 spell levels left.
You didn't know any spells.

Dungeon Overview and Level Annotations

Branches:
Dungeon (9/15)             Temple (0/1) D:4
   Lair: D:8-11         Orc: D:9-12

Altars:
Ashenzari
Fedhas
Gozag
Hepliaklqana
Makhleb
Okawaru
Qazlal
Ru
Sif Muna
Uskayaw
Wu Jian
Yredelemnul
Zin
The Shining One


Innate Abilities, Weirdness & Mutations

You do not eat or drink.
Your flesh is vulnerable to fire.
You are immune to poison.
Your flesh is cold resistant. (rC+)
You are immune to negative energy. (rN+++)
You are immune to unholy pain and torment.
You can survive without breathing.


Message History

* * * LOW HITPOINT WARNING * * *
You hit the two-headed ogre but do no damage.
The two-headed ogre is moderately wounded.
You sock the two-headed ogre!
The two-headed ogre is heavily wounded.
The two-headed ogre hits you with a giant spiked club.
* * * LOW HITPOINT WARNING * * *
The two-headed ogre closely misses you.
Evoke which item? (* to show all) (? for menu, Esc to quit)
Aiming: Enslavement
Press: ? - help, Shift-Dir - straight line, f/p - two-headed ogre
Aim: a two-headed ogre, wielding a giant spiked club and a giant club (heavily wounded, chance to defeat MR: 28%)
Okay, then.
You completely miss the two-headed ogre.
The two-headed ogre is heavily wounded.
The two-headed ogre hits you with a giant spiked club!
* * * LOW HITPOINT WARNING * * *
The two-headed ogre hits you with a giant club!
You die...
Your body crumbles into a pile of gold.

..#
#..%...##.........#
..#
#......####.......#
### ##+#####
##.###### #.....#
#####'## +###
#.....# .....
###.....#
..$...#####.'.....#
.?..(.'O@...#.....#
......#######.....#
.(... #.....# (...
#.....+ ... #.....#
.. #...!.# . $
.....#


You could see a two-headed ogre.

Vanquished Creatures
  A two-headed ogre (D:8)
  Pikel (D:5)
  A merfolk (D:9)
  A troll (D:9)
  Prince Ribbit (D:6)
  A hungry ghost (D:8)
  2 water moccasins
  5 orc warriors
  2 ice beasts
  A phantom (D:5)
  The ghost of Arum the Skirmisher, an amateur DsGl (D:3)
  A centaur (D:6)
  4 ogres
  2 bullfrogs
  A water moccasin skeleton (D:7)
  2 scorpions
  5 killer bees (D:7)
  2 wights (D:7)
  A howler monkey (D:6)
  A crimson imp (D:5)
  3 jellies
  A bullfrog skeleton (D:8)
  A centaur skeleton (D:3)
  5 hounds
  2 orc priests (D:6)
  7 orc wizards
  Jessica (D:2)
  Ijyb (D:2)
  Natasha (twice) (D:3)
  5 worker ants
  8 mummies (Ossuary)
  4 gnolls (D:3)
  12 adders
  A shadow imp (D:6)
  An ooze (D:6)
  2 adder skeletons
  4 worms
  4 dart slugs
  8 leopard geckos
  26 orcs
  A ball python (D:3)
  7 giant cockroaches
  A gnoll zombie (Ossuary)
  9 goblins
  6 hobgoblins
  5 jackals
  4 quokkas
  A ball python skeleton (D:4)
  9 bats (D:1)
  10 frilled lizards
  3 hobgoblin zombies (Ossuary)
  3 jackal skeletons
  5 kobolds
  2 kobold zombies (Ossuary)
  2 orc zombies (Ossuary)
  A quokka skeleton (D:4)
  A quokka zombie (D:9)
  8 rats
  A plant (D:7)
213 creatures vanquished.

Vanquished Creatures (collateral kills)
  A black bear (D:7)
  A centaur (D:7)
  2 wights (D:7)
4 creatures vanquished.

Vanquished Creatures (others)
  A slave (D:5)
  An ice beast (D:5)
  An orc priest (D:5)
  An orc (D:5)
  A plant (D:7)
5 creatures vanquished.

Grand Total: 222 creatures vanquished

Notes
Turn   | Place    | Note
-------+----------+-------------------------------------------
     0 | D:1      | grindst0ne the Mummy Fighter began the quest for the Orb.
     0 | D:1      | Reached XP level 1. HP: 18/18 MP: 1/1
   137 | D:1      | Reached XP level 2. HP: 24/24 MP: 2/2
   281 | D:1      | Reached XP level 3. HP: 14/29 MP: 3/3
  1039 | D:2      | Found a shattered altar of Ashenzari.
  1066 | D:2      | Noticed Jessica
  1076 | D:2      | Killed Jessica
  1076 | D:2      | Reached XP level 4. HP: 37/37 MP: 4/4
  1141 | D:2      | Found a burning altar of Makhleb.
  1143 | D:2      | Found a hazy altar of Hepliaklqana.
  1490 | D:3      | Noticed Ijyb
  1500 | D:2      | Killed Ijyb
  1500 | D:2      | Reached XP level 5. HP: 42/42 MP: 5/5
  1642 | D:3      | Reached skill level 4 in Fighting
  1927 | D:3      | Found an ornate altar of the Wu Jian Council.
  1936 | D:3      | Noticed Arum's ghost (amateur DsGl)
  1961 | D:3      | Killed Arum's ghost
  1961 | D:3      | Reached XP level 6. HP: 43/48 MP: 6/6
  2234 | D:3      | Noticed Natasha
  2244 | D:3      | Killed Natasha
  2403 | D:3      | Found a sacrificial altar of Ru.
  2440 | D:3      | Noticed Natasha
  2442 | D:3      | Killed Natasha
  2898 | D:4      | Found a deep blue altar of Sif Muna.
  2898 | D:4      | Found a glowing silver altar of Zin.
  2957 | D:4      | Found an opulent altar of Gozag.
  3008 | D:4      | Became a worshipper of Gozag Ym Sagoz the Greedy
  3174 | D:4      | Reached XP level 7. HP: 45/55 MP: 7/7
  3307 | D:4      | Found a staircase to the Ecumenical Temple.
  3596 | D:4      | Found a stormy altar of Qazlal.
  3722 | D:5      | Entered Level 5 of the Dungeon
  3828 | D:5      | Noticed Pikel
  3850 | D:5      | Killed Pikel
  3850 | D:5      | Reached skill level 5 in Fighting
  3850 | D:5      | Reached XP level 8. HP: 32/63 MP: 8/8
  4128 | D:5      | Found an iron altar of Okawaru.
  4536 | D:5      | Found the ring of Phasing {EV+8}
  5073 | D:6      | Reached skill level 6 in Fighting
  5073 | D:6      | Reached skill level 5 in Armour
  5073 | D:6      | Reached skill level 5 in Shields
  5317 | D:6      | Noticed Prince Ribbit
  5335 | D:6      | Killed Prince Ribbit
  5340 | D:6      | Found a glowing golden altar of the Shining One.
  5396 | D:6      | Reached XP level 9. HP: 65/71 MP: 9/9
  5869 | D:6      | Reached skill level 7 in Fighting
  6127 | D:7      | Found a basalt altar of Yredelemnul.
  6226 | D:7      | Reached skill level 5 in Maces & Flails
  6403 | D:7      | Found a sand-covered staircase.
  6412 | Ossuary  | Entered an ossuary
  7212 | D:7      | Found a blossoming altar of Fedhas.
  7491 | D:8      | Noticed a two-headed ogre
  7510 | D:8      | Killed a two-headed ogre
  7510 | D:8      | Reached skill level 8 in Fighting
  7510 | D:8      | Reached XP level 10. HP: 60/80 MP: 10/10
  7906 | D:8      | Found a hide-covered altar of Uskayaw.
  7909 | D:8      | Noticed a dagger
  7910 | D:8      | Noticed a hand axe
  8097 | D:9      | Found an opulent altar of Gozag.
  8173 | D:9      | Reached skill level 1 in Dodging
  8227 | D:9      | Noticed a two-headed ogre
  8239 | D:9      | Mangled by a two-headed ogre

Vault maps used:
D:1:      saegor_arrival_simple_f
D:2:      ashenzari_altar_1, chequers_temple_overflow_statue_of_worship,
          uniq_jessica
D:3:      nicolae_ru_great_annihilating_truth, lemuel_round_altar, uniq_natasha,
          uniq_ijyb
D:4:      lemuel_crystal_altar, kennysheep_mini,
          amethyst_overflow_temple_binary, minmay_temple_entry_fiery
D:5:      first_ration, okawaru_gym_becter, uniq_pikel
D:6:      tso_metal_star, uniq_prince_ribbit1
D:7:      fedhas_altar_3, lemuel_crystal_altar, nicolae_ossuary_entry_ruins
D:8:      dancing_weapons_uskayaw
D:9:      nemelex_xobeh_ov_fountains_minmay, overflow_temple_1_default,
          hangedman_fish_farm, grunt_gozag_breadcrumbs
Ossuary:  ossuary_tomb_3

Skill      XL: |  1  2  3  4  5  6  7  8  9 10 |
---------------+-------------------------------+-----
Maces & Flails | 2 3 4 5 6 |  6.1
Armour         | 3 4 5 6 7 |  7.0
Shields        | 3 4 5 6 |  6.9
Fighting       | 4 5 6 8 |  8.1
Axes           | 2 |  2.2
Dodging        | 1 |  1.4

Action                   |  1- 3 |  4- 6 |  7- 9 | 10-12 || total
-------------------------+-------+-------+-------+-------++-------
Melee: Flail             |   173 |   126 |   258 |   113 ||   670
       Broad axe         |       |   137 |    63 |       ||   200
       Whip              |       |       |   313 |       ||   313
Throw: Tomahawk          |       |       |       |     3 ||     3
       Throwing net      |       |       |       |     1 ||     1
Evoke: Wand              |       |     3 |    17 |       ||    20
  Use: Scroll            |       |       |    10 |       ||    10
 Stab: Paralysed         |       |     1 |       |       ||     1
       Distracted        |       |       |     3 |     1 ||     4
Armor: Scale mail        |   115 |    31 |       |       ||   146
       Chain mail        |       |   132 |   171 |       ||   303
       Plate armour      |       |       |    83 |    42 ||   125
Dodge: Dodged            |    71 |    77 |   308 |    35 ||   491
Block: Shield            |   103 |   165 |   349 |    32 ||   649

Table legend:
 A = Spawn XP
 B = Non-spawn XP
 C = Spawn XP percentage of total XP
 D = Spawn monster count
 E = Non-spawn monster count
 F = Spawn count percentage of total count
 G = Total turns spent on level
                    A         B        C        D         E        F      G
               +---------+---------+-------+---------+---------+-------+---------
         Total |       0 |    7646 |   0.0 |       0 |     216 |   0.0 |  8239
               +---------+---------+-------+---------+---------+-------+---------
           D:1 |       0 |      59 |   0.0 |       0 |      36 |   0.0 |   597
           D:2 |       0 |     156 |   0.0 |       0 |      19 |   0.0 |  1137
           D:3 |       0 |     368 |   0.0 |       0 |      26 |   0.0 |  1061
           D:4 |       0 |     269 |   0.0 |       0 |      19 |   0.0 |   927
           D:5 |       0 |    1094 |   0.0 |       0 |      20 |   0.0 |  1298
           D:6 |       0 |    1716 |   0.0 |       0 |      32 |   0.0 |  1138
           D:7 |       0 |    1484 |   0.0 |       0 |      28 |   0.0 |  1058
           D:8 |       0 |    1661 |   0.0 |       0 |      16 |   0.0 |   610
           D:9 |       0 |     687 |   0.0 |       0 |       4 |   0.0 |   161
       Ossuary |       0 |     152 |   0.0 |       0 |      16 |   0.0 |   252
               +---------+---------+-------+---------+---------+-------+---------
